 Dungeon Crawl Stone Soup version 0.29-a0-378-gc08b2e8bf8 (webtiles) character file.

Game seed: 8328525895801971276

514 KateP the Chopper (level 7, -5/62 HPs)
             Began as a Minotaur Fighter on May 5, 2022.
             Slain by an ice beast (6 damage)
             ... on level 5 of the Dungeon.
             The game lasted 00:03:18 (4603 turns).

KateP the Chopper (Minotaur Fighter)                Turns: 4603, Time: 00:03:18

Health: -5/62      AC:  7    Str: 22    XL:     7   Next: 0%
Magic:  6/6        EV:  9    Int:  5    God:
Gold:   216        SH:  4    Dex: 10    Spells: 6/6 levels left

rFire   . . .      SeeInvis .   a - +0 war axe
rCold   . . .      Faith    .   c - +0 buckler
rNeg    . . .      Spirit   .   b - +0 scale mail
rPois   .          Reflect  .   (helmet restricted)
rElec   .          Harm     .   (no cloak)
rCorr   .          Rampage  .   (no gloves)
Will    .....                   (no boots)
Stlth   ..........              (no amulet)
HPRegen 0.20/turn               (no ring)
MPRegen 0.10/turn               (no ring)

@: no status effects
A: horns 2, retaliatory headbutt
a: no special abilities


You were on level 5 of the Dungeon.
You visited 1 branch of the dungeon, and saw 5 of its levels.

You collected 216 gold pieces.

Inventory:

Hand Weapons
 a - a +0 war axe (weapon)
Armour
 b - a +0 scale mail (worn)
 c - a +0 buckler (worn)
Jewellery
 p - a +4 ring of protection
Wands
 m - a wand of mindburst (8)
Scrolls
 e - a scroll of poison {unknown}
 g - 2 scrolls of immolation {unknown}
 i - 7 scrolls of identify {unknown}
 k - 2 scrolls of torment {unknown}
 l - 4 scrolls of teleportation {unknown}
 n - 3 scrolls of magic mapping {unknown}
 o - a scroll of enchant weapon {unknown}
Potions
 d - a potion of lignification {unknown}
 f - 3 potions of heal wounds {unknown}
 h - a potion of haste {unknown}
 j - a potion of brilliance {unknown}
 q - a potion of attraction {unknown}


   Skills:
 + Level 5.7 Fighting
 * Level 6.6 Axes
 + Level 5.7 Armour
 - Level 3.6 Shields


You had 6 spell levels left.
You didn't know any spells.
Your spell library contained the following spells:

 Spells                   Type           Power      Damage    Failure   Level
 Apportation              Tloc           0%         N/A       86%         1
 Sting                    Tmut/Pois      0%         1d3       86%         1
 Poisonous Vapours        Pois/Air       0%         N/A       95%         2
 Olgreb's Toxic Radiance  Pois           0%         N/A       100%        4
 Alistair's Intoxication  Tmut/Pois      0%         N/A       100%        5


Dungeon Overview and Level Annotations

Branches:
Dungeon (5/15)
 Temple: D:4-7

Altars:
Trog


Innate Abilities, Weirdness & Mutations

You have a pair of horns on your head.
You reflexively headbutt those who attack you in melee.


Message History

The ice beast barely misses you. The ice beast hits you.
The ice beast freezes you!
An ice beast is nearby!
You barely miss the ice beast.
The ice beast is lightly wounded.
The ice beast misses you. You furiously retaliate!
You headbutt the ice beast. You completely miss the ice beast.
You headbutt the ice beast.
The ice beast is moderately wounded.
The ice beast hits you. The ice beast freezes you!
You are too injured to fight recklessly!
You are too injured to fight recklessly!
You are too injured to fight recklessly!
You are too injured to fight recklessly!
You hit the ice beast.
The ice beast is heavily wounded.
The ice beast barely misses you.
You hit the ice beast.
The ice beast is heavily wounded.
The ice beast hits you. The ice beast freezes you!
* * * LOW HITPOINT WARNING * * *
The ice beast hits you but does no damage.
You closely miss the ice beast.
The ice beast is heavily wounded.
The ice beast hits you but does no damage.
You closely miss the ice beast.
The ice beast is heavily wounded.
The ice beast hits you.
* * * LOW HITPOINT WARNING * * *
The ice beast freezes you!
* * * LOW HITPOINT WARNING * * *
You hit the ice beast.
You headbutt the ice beast, but do no damage.
The ice beast is severely wounded.
The ice beast barely misses you.
You closely miss the ice beast. Your headbutt misses the ice beast.
The ice beast is severely wounded.
The ice beast hits you.
* * * LOW HITPOINT WARNING * * *
The ice beast freezes you.
You die...

#### ##...
###..♣.
#......
#.......#
.........##
..........Y#
....>......@##
#............#
.............#
.#.........$.#
.............#
.#..........#
...#......###
.....#..###
.?.#.....#
#####


You could see an ice beast.

Vanquished Creatures
  Sigmund (D:2)
  An ogre (D:4)
  A necrophage (D:4)
  2 iguanas
  Robin (D:3)
  5 adders
  3 worms
  3 dart slugs
  3 orcs (D:4)
  5 ball pythons
  12 endoplasms
  2 giant cockroaches (D:2)
  16 goblins
  9 hobgoblins
  2 jackals (D:4)
  3 quokkas
  2 bats (D:1)
  3 frilled lizards
  6 kobolds
  8 rats
88 creatures vanquished.

Notes
Turn   | Place    | Note
-------+----------+-------------------------------------------
     0 | D:1      | KateP the Minotaur Fighter began the quest for the Orb.
     0 | D:1      | Reached XP level 1. HP: 19/19 MP: 0/0
    33 | D:1      | You fall into a shaft and drop 1 floor!
    33 | D:2      | Found a faded altar of an unknown god.
    39 | D:2      | Noticed a shining eye
    44 | D:2      | Reached skill level 3 in Axes
    44 | D:2      | Reached XP level 2. HP: 16/27 MP: 1/1
   170 | D:2      | Noticed a shining eye
   170 | D:2      | Noticed an eye of devastation
   170 | D:2      | Noticed a great orb of eyes
   345 | D:1      | Reached XP level 3. HP: 33/33 MP: 2/2
  1454 | D:2      | Noticed Sigmund
  1467 | D:2      | Killed Sigmund
  1468 | D:2      | Reached skill level 5 in Axes
  1468 | D:2      | Reached XP level 4. HP: 21/41 MP: 3/3
  1468 | D:2      | Reached XP level 5. HP: 25/47 MP: 4/4
  1923 | D:2      | Reached skill level 5 in Armour
  2109 | D:2      | Reached skill level 5 in Fighting
  2597 | D:3      | Noticed Robin
  2609 | D:3      | Killed Robin
  2928 | D:3      | Reached XP level 6. HP: 56/56 MP: 5/5
  3347 | D:4      | Found a bloodstained altar of Trog.
  3475 | D:4      | Reached skill level 6 in Axes
  3737 | D:4      | Identified the +0 robe "Vonydghiqe" {rElec}
  4459 | D:5      | Entered Level 5 of the Dungeon
  4467 | D:5      | Reached XP level 7. HP: 56/62 MP: 6/6
  4601 | D:5      | HP: 2/62 [ice beast (11)]
  4603 | D:5      | Slain by an ice beast

Illustrated notes

Levels and vault maps discovered:
D:1:      elethiomel_arrival_infinity_welcomes_careful_drivers, layout_basic
D:2:      layout_basic, hellmonk_ecumenical_altar_watching_god, st_stairs_5,
          uniq_sigmund
D:3:      layout_loops_corners, uniq_robin
D:4:      layout_loops_corners, trog_hazing_becter
D:5:      layout_cave_pods, mainiacjoe_overflow_tiny_flanked,
          nicolae_qazlal_scattered_showers, minmay_temple_entry_sparse_star,
          hellmonk_ghost_happy_afterlife, uniq_grinder

Skill      XL: |  1  2  3  4  5  6 |
---------------+-------------------+-----
Axes           | 3 5 6 |  6.6
Fighting       | 4 5 |  5.7
Armour         | 4 5 |  5.7
Shields        | |  3.6

Action                   |  1- 3 |  4- 6 |  7- 9 || total
-------------------------+-------+-------+-------++-------
Melee: War axe           |    75 |   110 |    10 ||   195
       Headbutt          |     8 |    17 |     4 ||    29
  Use: Potion            |     1 |       |       ||     1
Armor: Scale mail        |    32 |    35 |     3 ||    70
Dodge: Dodged            |    36 |    31 |     4 ||    71
Block: Buckler           |    13 |    20 |       ||    33

Table legend: (Time is in decaauts)
 A = Elapsed time spent in this place.
 B = Non-inter-level travel time spent in this place.
 C = Inter-level travel time spent in this place.
 D = Time resting spent in this place.
 E = Time spent auto-exploring this place.
 F = Levels seen in this place.
 G = Mean time per level.
                   A        B        C        D        E       F      G
               +--------+--------+--------+--------+--------+-----+--------+
         Total |   4660 |   4660 |      0 |    164 |   3730 |   5 |  932.0 |
       Dungeon |   4660 |   4660 |      0 |    164 |   3730 |   5 |  932.0 |
               +--------+--------+--------+--------+--------+-----+--------+

Top non-repeatable levels by time:
     D:2: 1551 daAuts
     D:4: 1137 daAuts
     D:3: 919 daAuts
     D:1: 906 daAuts
     D:5: 146 daAuts
